 Dungeon Crawl Stone Soup version 0.22.1-1-ga44c0e5 (webtiles) character file.

1407 Goblin1989 the Arsonist (level 8, 0/41 HPs)
             Began as a Deep Elf Fire Elementalist on Oct 28, 2018.
             Was an Initiate of Vehumet.
             Shot with an arrow by a centaur (8 damage)
             ... on level 6 of the Dungeon on Nov 1, 2018.
             The game lasted 00:24:37 (7185 turns).

Goblin1989 the Arsonist (DEFE)                      Turns: 7185, Time: 00:24:38

Health: 0/41       AC:  2    Str:  5    XL:     8   Next: 42%
Magic:  34/37      EV: 13    Int: 23    God:    Vehumet [......]
Gold:   193        SH:  0    Dex: 15    Spells: 5/20 levels left

rFire    . . .     SeeInvis .   k - +0 short sword (drain)
rCold    . . .     Gourm    .   (no shield)
rNeg     . . .     Faith    .   a - +0 robe
rPois    .         Spirit   .   (no helmet)
rElec    .         Reflect  .   (no cloak)
rCorr    .         Harm     .   (no gloves)
MR       .....                  (no boots)
Stlth    ++........             (no amulet)
HPRegen  0.13/turn              u - ring of magical power
MPRegen  0.25/turn              X - ring of magical power

@: no status effects
A: no striking features
a: Renounce Religion


You were on level 6 of the Dungeon.
You worshipped Vehumet.
Vehumet was noncommittal.
You were not hungry.

You visited 2 branches of the dungeon, and saw 7 of its levels.
You also visited: Sewer.

You collected 311 gold pieces.
You spent 118 gold pieces at shops.

Inventory:

Hand Weapons
 k - a +0 short sword of draining (weapon)
 w - a +0 blowgun {@w1}
 S - a +1 whip of flaming
Missiles
 x - 22 poisoned needles
Armour
 a - a +0 robe (worn)
Jewellery
 u - a ring of magical power (left hand)
 X - a ring of magical power (right hand)
Wands
 P - a wand of disintegration (14)
Scrolls
 q - 6 scrolls of remove curse {@r3}
 v - a scroll of fear {unknown}
 y - 2 scrolls of fog
 N - a scroll of amnesia {unknown}
 Q - a scroll of blinking {unknown}
 R - 8 scrolls of identify {@r1}
 T - 3 scrolls of teleportation {!r, @r2}
 U - a scroll of enchant weapon {unknown}
 W - a scroll of enchant armour {unknown}
 Y - a scroll of immolation {unknown}
Potions
 f - a potion of agility {unknown}
 g - 2 potions of heal wounds
 h - a potion of lignification {unknown}
 i - 3 potions of haste {unknown}
 K - a potion of mutation {unknown}
 M - 2 potions of invisibility {unknown}
 O - a potion of brilliance {unknown}
 V - 2 potions of curing {unknown}
 Z - a potion of cancellation {unknown}
Comestibles
 e - 12 rations
 L - a chunk of flesh


   Skills:
 - Level 2.4 Dodging
 - Level 2.4 Stealth
 + Level 6.6 Spellcasting
 * Level 7.2 Conjurations
 * Level 8.0 Fire Magic


You had 5 spell levels left.
You knew the following spells:

 Your Spells              Type           Power        Failure   Level  Hunger
a - Flame Tongue          Conj/Fire      #####        1%          1    None
b - Inner Flame           Hex/Fire       ####....     4%          3    None
c - Sticky Flame          Conj/Fire      #####...     3%          4    ###....
d - Animate Skeleton      Necr           N/A          9%          1    None
j - Conjure Flame         Conj/Fire      #####...     1%          3    None
R - Regeneration          Chrm/Necr      #.........   24%         3    None

Your spell library contained the following spells:

 Spells                   Type           Power        Failure   Level  Hunger
 Throw Flame              Conj/Fire      #####.       1%          2    None
 Pain                     Necr           #...         9%          1    None
 Fireball                 Conj/Fire      #####.....   10%         5    #####..
 Vampiric Draining        Necr           #.........   24%         3    None
 Animate Dead             Necr           N/A          63%         4    ###....


Dungeon Overview and Level Annotations

Branches:
Dungeon (6/15)             Temple (1/1) D:5

Altars:
Hepliaklqana
Okawaru
Qazlal
Ru
Trog
Vehumet
Xom

Shops:
D:4 *   D:5 *


Message History

There is an open door here.
There is a stone staircase leading down here.
You climb downwards.
The crimson imp misses you.
There is a stone staircase leading up here.
The crimson imp blinks!
You climb upwards.
There is a stone staircase leading down here.
You climb downwards.
There is a stone staircase leading up here.
The crimson imp hits you.
You climb upwards.
There is a stone staircase leading down here.
You take 4 damage, and have 37/41 hp.
Unknown command.
The crimson imp hits you but does no damage.
The crimson imp blinks!
You climb downwards.
There is a stone staircase leading up here.
HP restored.
Key pressed, stopping explore.
You now have 193 gold pieces (gained 12).
y - 2 scrolls of fog (gained 1) Health restored: 41 A worker ant zombie comes into view.
Cast which spell? (? or * to list)
Aiming: Flame Tongue (safe; 1% risk of failure)
Press: ? - help, Shift-Dir - straight line, f - worker ant zombie
Aim: a worker ant zombie (resting)
The flame tongue hits the worker ant zombie.
The worker ant zombie is heavily damaged.
You now have 36/37 mp.
Casting: Flame Tongue (safe; 1% risk of failure)
Confirm with . or Enter, or press ? or * to list all spells.
Aiming: Flame Tongue (safe; 1% risk of failure)
Press: ? - help, Shift-Dir - straight line, f/p - worker ant zombie
Aim: a worker ant zombie (heavily damaged)
The flame tongue hits the worker ant zombie.
The worker ant zombie is severely damaged.
You now have 35/37 mp.
Casting: Flame Tongue (safe; 1% risk of failure)
Confirm with . or Enter, or press ? or * to list all spells.
Aiming: Flame Tongue (safe; 1% risk of failure)
Press: ? - help, Shift-Dir - straight line, f/p - worker ant zombie
Aim: a worker ant zombie (severely damaged)
The flame tongue hits the worker ant zombie.
You destroy the worker ant zombie!
Vehumet accepts your kill.
You now have 34/37 mp.
Casting: Flame Tongue (safe; 1% risk of failure)
Confirm with . or Enter, or press ? or * to list all spells.
You can't see any susceptible monsters within range! (Use Z to cast anyway.)
Casting: Flame Tongue (safe; 1% risk of failure)
Confirm with . or Enter, or press ? or * to list all spells.
You can't see any susceptible monsters within range! (Use Z to cast anyway.) Magic restored.
q - 6 scrolls of remove curse {@r3} (gained 1)
You see here 15 bolts.
MP restored: 37
Found a stone staircase leading down.
A centaur comes into view.
A centaur is nearby!
Casting: Flame Tongue (safe; 1% risk of failure)
Confirm with . or Enter, or press ? or * to list all spells.
Aiming: Flame Tongue (safe; 1% risk of failure)
Press: ? - help, Shift-Dir - straight line, f - centaur
Aim: a centaur (resting)
The flame tongue hits the centaur.
The centaur is moderately wounded.
The centaur shouts!
The centaur wields a shortbow.
The centaur shoots an arrow.
The arrow hits you!
The centaur shoots an arrow.
The arrow hits you.
You take 14 damage, and have 27/41 hp.
MASSIVE DAMAGE!!
You now have 36/37 mp.
Casting: Flame Tongue (safe; 1% risk of failure)
Confirm with . or Enter, or press ? or * to list all spells.
Aiming: Flame Tongue (safe; 1% risk of failure)
Press: ? - help, Shift-Dir - straight line, f/p - centaur
Aim: a centaur, wielding a shortbow (moderately wounded)
The flame tongue hits the centaur.
The centaur is heavily wounded.
The centaur shoots an arrow.
The arrow hits you!
You take 8 damage, and have 19/41 hp.
You now have 35/37 mp.
Casting: Flame Tongue (safe; 1% risk of failure)
Confirm with . or Enter, or press ? or * to list all spells.
Aiming: Flame Tongue (safe; 1% risk of failure)
Press: ? - help, Shift-Dir - straight line, f/p - centaur
Aim: a centaur, wielding a shortbow (heavily wounded)
The flame tongue misses the centaur.
The centaur shoots an arrow.
The arrow hits you!
* * * LOW HITPOINT WARNING * * *
You take 11 damage, and have 8/41 hp.
MASSIVE DAMAGE!!
You now have 34/37 mp.
Casting: Flame Tongue (safe; 1% risk of failure)
Confirm with . or Enter, or press ? or * to list all spells.
Aiming: Flame Tongue (safe; 1% risk of failure)
Press: ? - help, Shift-Dir - straight line, f/p - centaur
Aim: a centaur, wielding a shortbow (heavily wounded)
The flame tongue hits the centaur.
The centaur appears unharmed.
The centaur is heavily wounded.
The centaur shoots an arrow.
The arrow completely misses you.
The centaur shoots an arrow.
The arrow hits you!
You die...

█.. █....███.. █..
█.██..█..█ █..
██.......██ ███..██
████...████.██ █.....█
█.............
█.....███.█████.......
█........>█ █.(.....
█.....█████ █.......
█$...@█ ██......
█.....█ █......
█...c.█ █......
█.....█ █......


███████ ███████ You could see a centaur.

Vanquished Creatures
  A black bear (D:6)
  An ice beast (D:6)
  A sky beast (D:5)
  6 big kobolds (Sewer)
  2 bullfrogs (D:6)
  A howler monkey (D:4)
  A jelly (D:4)
  A gnoll shaman (D:4)
  3 worker ants
  A killer bee zombie (D:6)
  A hound zombie (D:6)
  A worker ant zombie (D:6)
  7 gnolls (D:4)
  10 adders
  3 river rats (Sewer)
  2 shadow imps
  2 oozes
  An adder zombie (D:6)
  An adder skeleton (D:4)
  8 worms
  3 dart slugs
  12 leopard geckos
  16 orcs
  5 giant cockroaches
  9 goblins
  3 hobgoblins
  13 kobolds
  A quokka (D:4)
  3 ball pythons
  5 bats
  3 frilled lizards
  9 rats
136 creatures vanquished.

Vanquished Creatures (collateral kills)
  A worm (Sewer)
  A kobold (Sewer)
2 creatures vanquished.

Grand Total: 138 creatures vanquished

Notes
Turn   | Place    | Note
-------+----------+-------------------------------------------
     0 | D:1      | Goblin1989 the Deep Elf Fire Elementalist began the quest
                  | for the Orb.
     0 | D:1      | Reached XP level 1. HP: 10/10 MP: 6/6
   299 | D:1      | Reached XP level 2. HP: 15/15 MP: 5/8
   899 | D:2      | Reached XP level 3. HP: 16/19 MP: 6/9
   904 | D:2      | Learned a level 3 spell: Conjure Flame
   908 | D:2      | Learned a level 3 spell: Inner Flame
  1050 | D:2      | Reached skill level 4 in Fire Magic
  1544 | D:2      | Found a hazy altar of Hepliaklqana.
  2137 | D:3      | Reached XP level 4. HP: 24/24 MP: 9/11
  2384 | D:3      | Reached XP level 5. HP: 28/28 MP: 8/13
  2468 | D:3      | You fall through a shaft!
  2598 | D:3      | Found a glowing drain.
  2602 | Sewer    | Entered a sewer
  3024 | Sewer    | Reached skill level 5 in Fire Magic
  3049 | Sewer    | Learned a level 4 spell: Sticky Flame
  3051 | Sewer    | Learned a level 1 spell: Animate Skeleton
  3102 | Sewer    | Reached XP level 6. HP: 32/32 MP: 14/14
  4422 | Sewer    | Reached skill level 5 in Spellcasting
  4422 | Sewer    | Reached skill level 5 in Conjurations
  4422 | Sewer    | Reached skill level 6 in Fire Magic
  4422 | Sewer    | Reached XP level 7. HP: 36/36 MP: 16/16
  4663 | Sewer    | Learned a level 3 spell: Regeneration
  5287 | D:4      | Found Azoe's Assorted Antiques.
  5310 | D:4      | Bought a scroll of identify for 40 gold pieces
  5310 | D:4      | Bought a scroll labeled FEIPOO ZAREICH for 20 gold pieces
  5310 | D:4      | Bought a scroll of identify for 40 gold pieces
  5310 | D:4      | Bought a bubbling blue potion for 18 gold pieces
  5512 | D:4      | Reached skill level 7 in Fire Magic
  5810 | D:5      | Entered Level 5 of the Dungeon
  5810 | D:5      | Found Qaowul's General Store.
  5947 | D:5      | Found a sacrificial altar of Ru.
  6031 | D:5      | Reached XP level 8. HP: 41/41 MP: 19/19
  6974 | D:5      | Reached skill level 8 in Fire Magic
  6988 | D:5      | Found a staircase to the Ecumenical Temple.
  6995 | Temple   | Entered the Ecumenical Temple
  7003 | Temple   | Became a worshipper of Vehumet
  7185 | D:6      | Shot with an arrow by a centaur

Skill      XL: |  1  2  3  4  5  6  7  8 |
---------------+-------------------------+-----
Conjurations   | 2 3 4 5 6 7 |  7.2
Fire Magic     | 4 5 6 7 8 |  8.0
Spellcasting   | 4 5 6 |  6.6
Dodging        | |  2.4
Stealth        | |  2.4

Action                   |  1- 3 |  4- 6 |  7- 9 || total
-------------------------+-------+-------+-------++-------
Melee: Short sword       |     1 |     5 |    16 ||    22
 Cast: Flame Tongue      |    62 |    85 |   109 ||   256
       Animate Skeleton  |       |     4 |       ||     4
       Inner Flame       |       |       |     4 ||     4
       Sticky Flame      |       |       |     3 ||     3
       Conjure Flame     |       |       |     2 ||     2
  Use: Scroll            |       |     6 |       ||     6
       Potion            |       |       |     1 ||     1
 Stab: Sleeping          |       |     1 |       ||     1
  Eat: Chunk             |     4 |     3 |     9 ||    16
       Ration            |       |     1 |       ||     1
Armor: Robe              |     2 |     4 |    10 ||    16
Dodge: Dodged            |    18 |    23 |    46 ||    87

Vault maps used:
D:1:      scummos_arrival_gate
D:2:      lemuel_round_altar, first_ration
D:3:      gup_sewer_entry_spiral
D:4:      serial_shops, nicolae_shop_overgrown_old_shop, minivault_11,
          kennysheep_generic_room_14
D:5:      minmay_temple_entry_butterflies, serial_shops, shop,
          nicolae_ru_great_annihilating_truth, uniq_blork_the_orc
Temple:   nicolae_temple_the_god_donut
Sewer:    sewer_co_tree
